Unix NetHack Version 5.0.0-0 post-release - last build Jul 19 2026 19:10:59 (3aa4ab31751d3886436d94b585a96704892fd477,branch:main).

Game began 2026-07-29 22:24:22, ended 2026-07-30 00:04:39.

IceCreamJones, neutral female human Healer

              ---------------
              |.............|      ------
            ##..............|      |....|     -------------
            # -------------|-      |...>|  #))-...........|
          ###              #####   |....-###  |.[.........[#### --------
    ----- #                    ##  -|----#    -.-----------   # |......|
    |.>..##                     ##[##    #     #              ##.......|
    |...|                          ##     #    #                |......|
    |...|                          ####   # ####################....(0.|
    --|--                           # #   # #   #               --------
      ##                           ## # #####   #
       #                  ---------|--|-# #     ###
       ####               |............|# #       #
          ##              |............-# ###     #
           ######'@       |............|    #     #
    --------------|-      |............|    #-----.-------
    |..........<...|      |............|    #............|
    |..............|      --------------     |...........|
    ----------------                         -------------

IceCreamJones the Embalmer   St:12 Dx:10 Co:18 In:15 Wi:17 Ch:16  Neutral
Dlvl:4  $:0  HP:0(69) Pw:61(67) AC:2  Xp:8 T:9401 

Latest messages:
 You finish eating the wolf corpse.
 There is nothing here to pick up.
 You see here an uncursed burnt runed dagger.
 k - an uncursed burnt runed dagger (at the ready).
 What do you want to wield? [- abkpFPW or ?*]
 You are already wielding that!
 There is an open door here.
 You see here an uncursed runed dagger.
 C - an uncursed runed dagger.
 You see here an uncursed runed dagger.
 C - an uncursed runed dagger (2 in total).
 What do you want to wield? [- abkpCFPW or ?*]
 You are already wielding that!
 The wererat misses!
 The wererat bites!
 You feel feverish.
 You hit the wererat!
 The wererat bites!
 You kill the wererat!
 l - a golden potion.
 You learn more about your items by comparing them.
 d - an uncursed potion of healing (3 in total).
 You hit the gold golem.
 The gold golem hits!
 The gold golem hits again!
 You hit the gold golem.
 The gold golem misses!
 The gold golem hits!
 You hit the gold golem!
 The gold golem hits!
 The gold golem hits again!
 You hit the gold golem.
 The gold golem hits!
 The gold golem misses!
 You hit the gold golem!
 The gold golem hits!
 The gold golem hits again!
 You hit the gold golem!
 You hit the gold golem!
 The gold golem hits!
 The gold golem hits again!
 You hit the gold golem.
 The gold golem hits!
 The gold golem hits again!
 You die...
 Do you want your possessions identified? [ynq] (y)
 Do you want to see your attributes? [ynq] (y)
 Do you want an account of creatures vanquished? [ynaq] (y)
 Do you want to see your conduct and achievements? [ynq] (y)
 Do you want to see the dungeon overview? [ynq] (y)

Inventory:
 Amulets  ('"')
  V - an uncursed amulet of ESP (being worn)
  R - an uncursed amulet versus poison
 Weapons  (')')
  P - 2 +0 daggers
  C - 2 +0 elven daggers
  k - a burnt +0 elven dagger (at the ready)
  p - a +0 orcish dagger named nc
  a - a +1 scalpel (weapon in right hand)
  b - the +0 Sting
  F - a +0 elven short sword
 Armor    ('[')
  g - an uncursed +0 orcish helm (being worn)
  t - an uncursed +1 pair of leather gloves (being worn)
  y - an uncursed +0 pair of low boots (being worn)
  Z - an uncursed +0 small shield (being worn)
  x - an uncursed +0 cloak of magic resistance (being worn)
  Y - an uncursed +0 leather armor (being worn)
 Potions  ('!')
  l - a cursed potion of confusion
  e - 2 uncursed potions of extra healing
  d - 3 uncursed potions of healing
 Wands    ('/')
  B - a wand of digging (0:7)
  m - a cursed wand of probing (0:5)
  f - a wand of sleep (0:4)
  T - a wand of teleportation (0:3)
 Tools    ('(')
  D - a can of grease (0:8)
  v - an uncursed credit card
  n - an uncursed leash
  s - an uncursed oil lamp
  c - an uncursed stethoscope
  W - a +0 unicorn horn

IceCreamJones the Healer's attributes:

Background:
 You were an Embalmer, a level 8 female human Healer.
 You were neutral, on a mission for Hermes
 who was opposed by Athena (lawful) and Poseidon (chaotic).
 You were right-handed.
 You were in the Dungeons of Doom, on level 4.
 You entered the dungeon 9401 turns ago.
 It was the midnight hour.
 There was a full moon in effect when your adventure ended.
 You had 2171 experience points, 389 more were needed to attain level 9.

Basics:
 You had 0 out of 69 hit points.
 You had 61 out of 67 energy points (spell power).
 Your armor class was 2.
 Your wallet was empty.
 Autopickup was off.

Final Characteristics:
 Your strength was 12 (limit:18/100).
 Your dexterity was 10 (limit:18).
 Your constitution was 18 (limit:18).
 Your intelligence was 15 (limit:18).
 Your wisdom was 17 (limit:18).
 Your charisma was 16 (limit:18).

Final Status:
 You weren't hungry.
 You were unencumbered.
 You were wielding a knife.
 You had expert skill with knife.

Final Attributes:
 You were piously aligned.
 You were magic-protected.
 You were poison resistant.
 You were level-drain resistant.
 You were telepathic.
 You were warded.
 You were a wererat.
 You were harmed by silver.
 You were lucky.
 You are dead.

Miscellaneous:
 You didn't encounter any bones levels.
 Total elapsed playing time was 1 hour, 39 minutes and 13 seconds.

Major events:
 Turn
    1: IceCreamJones the neutral female human Healer entered the dungeon
 1449: entered the Gnomish Mines
 1529: attained the rank of Empiric (level 3)
 4343: attained the rank of Embalmer (level 6)
 7771: chose a runed dagger to be named "Sting"
 9401: killed by a gold golem

Spells:
 Name                 Level Category     Fail Retention
 healing                1   healing        1%   51%-60%
 extra healing          3   healing       15%   51%-60%
 stone to flesh         3   healing       38%   51%-60%
 confuse monster        1   enchantment   27%  76%-100%
 haste self             3   escape       100%  76%-100%

Skills:
 Fighting Skills
   bare handed combat [Unskilled]
 Weapon Skills
   dagger             [Unskilled]
   knife              [Expert]
   short sword        [Unskilled]
   saber              [Unskilled]
   club               [Unskilled]
   mace               [Unskilled]
   quarterstaff       [Unskilled]
   polearms           [Unskilled]
   spear              [Unskilled]
   trident            [Unskilled]
   sling              [Unskilled]
   dart               [Unskilled]
   shuriken           [Unskilled]
   unicorn horn       [Unskilled]
 Spellcasting Skills
   healing spells     [Basic]

Voluntary challenges:
 Character rerolling was not enabled.
 You never genocided any monsters.
 You never polymorphed an object.
 You never changed form.
 You used no wishes.
Achievements:
 You entered a shop.
 You entered the Gnomish Mines.
 You attained the rank of Empiric.
 You attained the rank of Embalmer.

 The Dungeons of Doom: levels 1 to 9
    Level 1:
       A fountain.
    Level 2:
       A scroll shop, a sink.
    Level 3:
    Level 4: <- You were here.
       Stairs down to The Gnomish Mines.
       Final resting place for
          you, killed by a gold golem.
    Level 5: "SCM"
       An armor shop.
    Level 6:
       A fountain.
    Level 7: "SCM"
       An altar to Hermes, some fountains.
    Level 8:
       Many fountains.
    Level 9:
 The Gnomish Mines:
    Level 5:


Vanquished creatures:
  a wraith
  a quivering blob
  a wolf
  2 leprechauns
  a black light
  2 vampire bats
  2 orc mummies
 an owlbear
  a gold golem
  a werewolf
  2 lizards
  3 chickatrices
  a dingo
  a dog
  a white unicorn
  a gnome mummy
 an ape
  2 Woodland-elves
 an imp
  a mountain nymph
 an orc shaman
  2 rock piercers
  2 rock moles
  3 ponies
  2 fog clouds
  a yellow light
  a violet fungus
  2 gnome leaders
  a kobold mummy
 an elf zombie
  a straw golem
  4 giant ants
  3 floating eyes
  a kitten
  a dwarf
  a homunculus
  2 kobold shamans
 13 hill orcs
  5 rothes
  2 centipedes
 an orc zombie
  a wererat
  a werejackal
  4 iguanas
  3 gas spores
  5 hobbits
  4 manes
  4 hobgoblins
  4 giant rats
  8 cave spiders
  a green mold
  2 red molds
  a gnome zombie
  3 geckos
 11 jackals
  2 foxes
  2 kobolds
  5 goblins
  2 sewer rats
  4 grid bugs
  2 bats
  8 lichens
  3 kobold zombies
  9 newts
166 creatures vanquished.

No species were genocided or became extinct.

Game over:
                       ----------
                      /          \
                     /    REST    \
                    /      IN      \
                   /     PEACE      \
                  /                  \
                  |  IceCreamJones   |
                  |       0 Au       |
                  | killed by a gold |
                  |      golem       |
                  |                  |
                  |                  |
                  |       2026       |
                 *|     *  *  *      | *
        _________)/\\_//(\/(/\)/\//\/|_)_______

Goodbye IceCreamJones the Healer...

You died in The Dungeons of Doom on dungeon level 4 with 7554 points,
and 0 pieces of gold, after 9401 moves.
You were level 8 with a maximum of 69 hit points when you died.

